 Dungeon Crawl Stone Soup version 0.25.1-8-g42b30a86e7 (webtiles) character file.

Game seed: 4975963757904313665

281 Descartes the Magician (level 6, 0/32 HPs)
             Began as a Deep Elf Wanderer on Dec 12, 2020.
             Slain by an ufetubus (3 damage)
             ... summoned by Eustachio
             ... on level 4 of the Dungeon.
             The game lasted 00:12:30 (5772 turns).

Descartes the Magician (Deep Elf Wanderer)          Turns: 5772, Time: 00:12:31

Health: 0/32       AC:  9    Str:  5    XL:     6   Next: 6%
Magic:  1/16       EV: 11    Int: 14    God:
Gold:   208        SH:  0    Dex: 17    Spells: 14/16 levels left

rFire    . . .     SeeInvis .   o - +1 falchion (protect)
rCold    + . .     Gourm    .   (no shield)
rNeg     . . .     Faith    .   d - +0 robe
rPois    .         Spirit   .   (no helmet)
rElec    .         Reflect  .   (no cloak)
rCorr    .         Harm     .   (no gloves)
MR       .....                  (no boots)
Stlth    ++........             m - amulet of inaccuracy (curse)
HPRegen  0.10/turn              c - -4 ring of intelligence (curse)
MPRegen  0.15/turn              (no ring)

@: protection aura, very slightly contaminated
A: cold resistance 1, weak 1, MP-powered wands
a: no special abilities


You were on level 4 of the Dungeon.
You were not hungry.

You visited 1 branch of the dungeon, and saw 4 of its levels.

You collected 208 gold pieces.

Inventory:

Hand Weapons
 j - a +0 short sword of draining
 o - a +1 falchion of protection (weapon)
 s - a +1 whip of venom
 t - a +2 whip of pain
Missiles
 a - 7 poisoned darts
 i - 157 stones (quivered)
 k - 53 arrows
Armour
 d - a +0 robe (worn)
 g - a +0 buckler
Jewellery
 c - a cursed -4 ring of intelligence (left hand)
 m - a cursed amulet of inaccuracy (around neck)
Wands
 l - a wand of polymorph (4)
 q - a wand of flame (20)
Scrolls
 e - a scroll of magic mapping
 h - a scroll of identify
 r - a scroll of remove curse {unknown}
Potions
 n - a potion of curing
 p - a potion of lignification {unknown}
Comestibles
 f - 6 rations
 u - a chunk of flesh


   Skills:
 - Level 1.2 Stealth
 + Level 2.5 Shields
 - Level 5.8 Spellcasting
 + Level 3.7 Conjurations
   Level 3.0 Charms
   Level 1.1 Translocations
   Level 1.1 Transmutations
 + Level 3.3 Air Magic
 - Level 1.1 Evocations


You had 14 spell levels left.
You knew the following spells:

 Your Spells              Type           Power        Failure   Level  Hunger
a - Shock                 Conj/Air       ##..         3%          1    None
b - Magic Dart            Conj           ##..         3%          1    None

Your spell library contained the following spells:

 Spells                   Type           Power        Failure   Level  Hunger
 Static Discharge         Conj/Air       ##......     12%         3    ###....
 Blink                    Tloc           N/A          16%         2    #......
 Mephitic Cloud           Conj/Pois/Air  ##......     19%         3    ###....
 Conjure Flame            Conj/Fire      #.......     22%         3    ###....
 Call Imp                 Summ           #.......     24%         2    #......
 Slow                     Hex            #.......     24%         2    #......


Dungeon Overview and Level Annotations

Branches:
Dungeon (4/15)
 Temple: D:4-7

Altars:
Nemelex Xobeh
Qazlal
Yredelemnul

Annotations:
D:4 Eustachio


Innate Abilities, Weirdness & Mutations

Your flesh is cold resistant. (rC+)
You are weak. (Str -2)
You expend magic power (3 MP) to strengthen your wands.


Message History

The ufetubus closely misses you. The ufetubus barely misses you.
Eustachio hits you but does no damage. The bat barely misses you.
You barely miss Eustachio.
Eustachio is severely wounded.
The bat closely misses you. The ufetubus hits you. x2
The iron imp barely misses you.
You riposte.
You hit the iron imp but do no damage.
Your weapon exudes an aura of protection.
Eustachio hits you but does no damage. The ufetubus barely misses you.
The ufetubus hits you but does no damage.
You miss Eustachio.
Eustachio is severely wounded.
The ufetubus hits you but does no damage.
The ufetubus barely misses you. The rat bites you but does no damage.
Eustachio hits you with a +0 falchion!
* * * LOW HITPOINT WARNING * * *
The iron imp barely misses you.
You riposte.
You barely miss the iron imp.
The ufetubus hits you but does no damage.
The ufetubus hits you.
You die...

....... .......# .
......# ..
#....######...
#.............
#.....r....# ...
#...r55@...# ...#+###
#...br@....#
.......##+#....#######
.......#..#....#
.......+..#....#
.......#..#....##
.......#'##.....#
................#
...####.........#
...#..#.........#


You could see Eustachio, an iron imp (summoned), an ufetubus (summoned), a
quokka (summoned), a bat (summoned) and 2 rats.

Vanquished Creatures
  An orc wizard (D:3)
  2 orc priests (D:3)
  A worker ant (D:4)
  A gnoll (D:1)
  4 adders
  3 oozes
  An adder skeleton (D:2)
  3 worms
  3 dart slugs
  2 leopard geckos
  11 orcs
  A giant cockroach (D:3)
  7 goblins
  5 hobgoblins
  6 jackals (D:1)
  10 kobolds
  3 quokkas (D:2)
  A ball python (D:2)
  11 bats
  2 frilled lizards (D:2)
  6 rats
84 creatures vanquished.

Notes
Turn   | Place    | Note
-------+----------+-------------------------------------------
     0 | D:1      | Descartes the Deep Elf Wanderer began the quest for the
                  | Orb.
     0 | D:1      | Descartes set off with the following items: a +0 dagger, a
                  | potion of curing, a +0 robe, a ration; and the following
                  | spells available to memorise: Blink, Magic Dart, Shock,
                  | Call Imp, Slow, Conjure Flame, Mephitic Cloud, Static
                  | Discharge
     0 | D:1      | Reached XP level 1. HP: 10/10 MP: 9/9
     2 | D:1      | Learned a level 1 spell: Shock
     4 | D:1      | Learned a level 1 spell: Magic Dart
   162 | D:1      | Reached skill level 1 in Conjurations
   226 | D:1      | Reached skill level 1 in Air Magic
   343 | D:1      | Reached XP level 2. HP: 15/15 MP: 5/10
   804 | D:1      | Reached XP level 3. HP: 19/19 MP: 7/12
   905 | D:1      | Reached skill level 1 in Shields
  2077 | D:2      | Gained mutation: You are weak. (Str -2) [potion of
                  | mutation]
  2077 | D:2      | Gained mutation: Your flesh is cold resistant. (rC+)
                  | [potion of mutation]
  2077 | D:2      | Gained mutation: You expend magic power (3 MP) to
                  | strengthen your wands. [potion of mutation]
  2168 | D:2      | Reached XP level 4. HP: 24/24 MP: 8/13
  2423 | D:2      | You fall into a shaft and drop 1 floor!
  3235 | D:3      | Found a faded altar of an unknown god.
  3619 | D:3      | Reached XP level 5. HP: 15/28 MP: 1/15
  5421 | D:3      | Found a basalt altar of Yredelemnul.
  5428 | D:3      | Found a stormy altar of Qazlal.
  5547 | D:4      | Found a sparkling altar of Nemelex Xobeh.
  5593 | D:4      | Reached XP level 6. HP: 21/32 MP: 7/16
  5745 | D:4      | Noticed Eustachio
  5772 | D:4      | Slain by an ufetubus

Illustrated notes

Levels and vault maps discovered:
D:1:      lightli_arrival_flooded_house, layout_loops_ring, serial_bayou_ford_a,
          chequers_avenue
D:2:      layout_basic, minmay_tall_x
D:3:      layout_basic, amethyst_overflow_temple_binary, first_ration,
          chequers_ecumenical_altar_simple_redux, st_stairs_7
D:4:      layout_gridville, nemelex_dance_club_becter, uniq_eustachio,
          uniq_natasha

Skill      XL: |  1  2  3  4  5 |
---------------+----------------+-----
Conjurations   | 1 2 3 |  3.7
Air Magic      | 1 2 3 |  3.3
Shields        | 1 2 |  2.5
Stealth        | |  1.2
Spellcasting   | |  5.8
Charms         | |  3.0
Translocations | |  1.1
Transmutations | |  1.1
Evocations     | |  1.1

Action                   |  1- 3 |  4- 6 || total
-------------------------+-------+-------++-------
Melee: Dagger            |     4 |       ||     4
       Short sword       |       |     5 ||     5
       Falchion          |       |     3 ||     3
 Cast: Shock             |   102 |   165 ||   267
       Magic Dart        |     3 |    15 ||    18
  Use: Scroll            |     5 |     1 ||     6
       Potion            |     2 |     1 ||     3
  Eat: Chunk             |     4 |     7 ||    11
       Ration            |       |     1 ||     1
Armor: Robe              |     7 |    20 ||    27
Dodge: Dodged            |    17 |    82 ||    99
       Rpst.: Falchion   |       |    16 ||    16
